 Dungeon Crawl Stone Soup version 0.23.1 (webtiles) character file.

Game seed: 1847496106168490979

1457 Freyura the Grappler (level 8, -8/74 HPs)
             Began as a Troll Monk on Mar 18, 2019.
             Was an Initiate of Ru.
             Mangled by a two-headed ogre
             ... wielding a +0 giant spiked club
              (17 damage)
             ... on level 5 of the Dungeon.
             The game lasted 00:15:40 (3959 turns).

Freyura the Grappler (Troll Monk)                   Turns: 3959, Time: 00:15:40

Health: -8/74      AC:  8    Str: 20    XL:     8   Next: 47%
Magic:  16/16      EV:  9    Int:  6    God:    Ru [......]
Gold:   310        SH: 10    Dex: 14    Spells: 7/7 levels left

rFire    . . .     SeeInvis .     - Unarmed
rCold    . . .     Gourm    +   j - +0 shield
rNeg     . . .     Faith    .   p - +1 robe {MR+}
rPois    .         Spirit   .   (helmet restricted)
rElec    .         Reflect  .   l - +0 cloak
rCorr    .         Harm     .   (gloves unavailable)
MR       +....                  (boots unavailable)
Stlth    ++........             (no amulet)
HPRegen  0.62/turn              a - ring of magical power
MPRegen  0.15/turn              (no ring)

@: no status effects
A: large, unfitting armour, claws 3, fast metabolism 3, gourmand, regeneration
1, shaggy fur 1, tough skin 3, disrupted magic 1
a: Renounce Religion


You were on level 5 of the Dungeon.
You worshipped Ru.
Ru was noncommittal.
You were not hungry.

You visited 2 branches of the dungeon, and saw 6 of its levels.
You also visited: Ossuary.

You collected 310 gold pieces.

Inventory:

Armour
 j - a +0 shield (worn)
 l - a +0 cloak (worn)
 p - a +1 robe of magic resistance (worn)
Jewellery
 a - a ring of magical power (left claw)
Wands
 y - a wand of enslavement (10)
Scrolls
 c - 2 scrolls of amnesia {unknown}
 e - 4 scrolls of identify {unknown}
 g - 5 scrolls of teleportation {unknown}
 i - a scroll of magic mapping {unknown}
 m - 2 scrolls of enchant armour {unknown}
 n - 2 scrolls of fear {unknown}
 q - a scroll of random uselessness {unknown}
 t - 2 scrolls of immolation {unknown}
 v - a scroll of blinking {unknown}
 z - 3 scrolls of remove curse {unknown}
Potions
 d - 2 potions of flight {unknown}
 f - 2 potions of heal wounds {unknown}
 h - 2 potions of haste {unknown}
 k - 3 potions of curing {unknown}
 o - a potion of magic {unknown}
 r - a potion of brilliance {unknown}
 s - 2 potions of ambrosia {unknown}
 u - 2 potions of cancellation {unknown}
 w - a potion of invisibility {unknown}
 x - a potion of resistance {unknown}
Comestibles
 b - 7 rations


   Skills:
 - Level 2.4 Fighting
 - Level 2.4 Dodging
 - Level 1.0 Stealth
 + Level 5.9 Shields
 + Level 8.3 Unarmed Combat


You had 7 spell levels left.
You didn't know any spells.
Your spell library was empty.

Dungeon Overview and Level Annotations

Branches:
Dungeon (5/15)             Temple (1/1) D:4

Altars:
Ashenzari
Cheibriados
Dithmenos
Fedhas
Hepliaklqana
Kikubaaqudgha
Makhleb
Nemelex Xobeh
Okawaru
Qazlal
Ru
Trog
Vehumet
Wu Jian
Xom
Yredelemnul
Zin

Annotations:
D:4 2 runed translucent doors, Giel's ghost, amateur HOMo


Innate Abilities, Weirdness & Mutations

You are too large for most types of armour.
You have claws for hands.
Your metabolism is lightning-fast.
You like to eat raw meat.
Your natural rate of healing is unusually fast.
You are covered in fur. (AC +1)
You have extremely tough skin. (AC +3)
Your casting is slightly disrupted.


Message History

The two-headed ogre barely misses you.
You are too injured to fight recklessly!
You are too injured to fight recklessly!
You are too injured to fight recklessly!
You are too injured to fight recklessly!
You are too injured to fight recklessly!
You are too injured to fight recklessly!
You are too injured to fight recklessly!
You claw the two-headed ogre!
The two-headed ogre is heavily wounded.
You block the two-headed ogre's attack.
The two-headed ogre hits you with a +0 giant club!!
* * * LOW HITPOINT WARNING * * *
You scratch the two-headed ogre.
The two-headed ogre is heavily wounded.
You closely miss the two-headed ogre.
The two-headed ogre is heavily wounded.
You block the two-headed ogre's attack.
The two-headed ogre hits you with a +0 giant club!
You die...

..# ..# #.# #.###
#... ######## #..#
#......# #O.#
#.####.# #@.# #.#
#.# #$.# #.#
#.#####..####.
#.####..............
#.....######..####..
#####.# #..# #.#
...# #.# ...# #.#
...#


You could see a two-headed ogre.

Vanquished Creatures
  A wraith (Ossuary)
  A phantom (D:5)
  2 ogres
  A centaur (D:5)
  6 elf skeletons (D:4)
  A scorpion (D:4)
  2 hounds (D:4)
  2 orc priests (D:4)
  An orc wizard (D:4)
  A bullfrog skeleton (D:4)
  2 iguanas (D:5)
  2 human skeletons (D:4)
  4 worker ants
  A mummy (Ossuary)
  Robin (D:2)
  8 adders
  A shadow imp (D:5)
  An ooze (D:1)
  2 adder skeletons (D:4)
  2 worms
  2 dart slugs
  2 leopard geckos
  4 orcs
  3 bats (D:3)
  4 giant cockroaches
  15 goblins
  8 hobgoblins
  A quokka (D:3)
  A ball python (D:1)
  3 frilled lizards
  7 gnoll skeletons (Ossuary)
  A jackal skeleton (D:4)
  A kobold (D:3)
  10 kobold skeletons (Ossuary)
  10 orc skeletons
  An orc zombie (D:4)
  A quokka skeleton (D:5)
  6 rats
122 creatures vanquished.

Vanquished Creatures (others)
  An orc (D:4)
1 creature vanquished.

Grand Total: 123 creatures vanquished

Notes
Turn   | Place    | Note
-------+----------+-------------------------------------------
     0 | D:1      | Freyura the Troll Monk began the quest for the Orb.
     0 | D:1      | Reached XP level 1. HP: 22/22 MP: 0/0
   122 | D:1      | Reached XP level 2. HP: 29/29 MP: 1/1
   251 | D:1      | Found a shattered altar of Ashenzari.
   696 | D:2      | Reached skill level 4 in Unarmed Combat
   696 | D:2      | Reached XP level 3. HP: 25/36 MP: 2/2
   704 | D:2      | Reached skill level 1 in Shields
   851 | D:2      | Noticed Robin
   859 | D:2      | Reached XP level 4. HP: 44/44 MP: 3/3
   891 | D:2      | Killed Robin
  1117 | D:2      | Found a glowing silver altar of Zin.
  1191 | D:2      | Found an ancient bone altar of Kikubaaqudgha.
  1326 | D:3      | Reached XP level 5. HP: 50/50 MP: 4/4
  1550 | D:3      | Reached skill level 5 in Unarmed Combat
  1921 | D:3      | Found a snail-covered altar of Cheibriados.
  2122 | D:3      | You fall through a shaft!
  2176 | D:4      | Reached XP level 6. HP: 53/59 MP: 5/5
  2225 | D:4      | Reached skill level 6 in Unarmed Combat
  2240 | D:4      | Found a sand-covered staircase.
  2242 | D:4      | Reached XP level 7. HP: 57/66 MP: 6/6
  2245 | Ossuary  | Entered an ossuary
  2245 | Ossuary  | Noticed a wraith
  2245 | Ossuary  | Noticed a wraith
  2245 | Ossuary  | Noticed a wraith
  2298 | Ossuary  | Noticed a wraith
  2306 | Ossuary  | Killed a wraith
  2537 | D:4      | Reached skill level 7 in Unarmed Combat
  2709 | D:4      | Reached skill level 5 in Shields
  2753 | D:4      | Reached XP level 8. HP: 74/74 MP: 7/7
  2967 | D:4      | Found a large runed translucent door.
  2968 | D:4      | Found a large runed translucent door.
  2970 | D:4      | Noticed Giel's ghost (amateur HOMo)
  3030 | D:4      | Found a staircase to the Ecumenical Temple.
  3039 | Temple   | Entered the Ecumenical Temple
  3471 | D:5      | Entered Level 5 of the Dungeon
  3558 | D:5      | Reached skill level 8 in Unarmed Combat
  3598 | D:5      | Found a sacrificial altar of Ru.
  3604 | D:5      | Became a worshipper of Ru the Awakened
  3622 | D:5      | Gained mutation: Your casting is slightly disrupted. [Ru
                  | sacrifice]
  3952 | D:5      | Noticed a two-headed ogre
  3959 | D:5      | Mangled by a two-headed ogre

Skill      XL: |  1  2  3  4  5  6  7  8 |
---------------+-------------------------+-----
Unarmed Combat | 4 5 6 7 8 |  8.3
Shields        | 1 2 3 5 |  5.9
Fighting       | |  2.4
Dodging        | |  2.4
Stealth        | |  1.0

Action                   |  1- 3 |  4- 6 |  7- 9 || total
-------------------------+-------+-------+-------++-------
Melee: Unarmed           |    49 |   147 |   196 ||   392
       Punch             |     2 |       |       ||     2
Invok: Sacrifice Essence |       |       |     1 ||     1
 Stab: Sleeping          |       |     3 |     5 ||     8
  Eat: Ration            |     2 |       |       ||     2
       Chunk             |     3 |    14 |    10 ||    27
Armor: Robe              |    12 |    38 |    42 ||    92
Dodge: Dodged            |    10 |    25 |    42 ||    77
Block: Shield            |     7 |    36 |    71 ||   114
